 Dungeon Crawl Stone Soup version 0.30-b1-2-g02819fbbbe (webtiles) character file.

Game seed: 10517938210179913545

191573 vlam the Hoplite (level 17, -17/166 HPs)
             Began as a Minotaur Berserker on Dec 28, 2023.
             Was a High Priest of Trog.
             Demolished by a kraken (31 damage)
             ... on level 3 of the Shoals on Dec 30, 2023.
             The game lasted 05:36:35 (32772 turns).

vlam the Hoplite (Minotaur Berserker)              Turns: 32772, Time: 05:36:36

Health: -17/166    AC: 35    Str: 28    XL:     17   Next: 58%
Magic:  25/25      EV:  5    Int:  4    God:    Trog [*****.]
Gold:   2356       SH:  0    Dex: 12    Spells: 16/16 levels left

rFire   + . .        y - +5 broad axe of Impermanence {drain, rF+ MP+9 Stlth+}
rCold   . . .        J - +18 shield of the Gong {Loud rN+ Will+ rCorr EV-5}
rNeg    + + .        z - +18 Lear's hauberk
rPois   .            (helmet currently unavailable)
rElec   .            b - scarf of the Vestibule of Hell {repulsion, SInv}
rCorr   +            (gloves currently unavailable)
SInv    +            (boots currently unavailable)
Will    ++...        I - amulet of reflection Stlth
                     o - ring of positive energy
HPRegen 0.00/turn    F - +4 ring of protection
MPRegen 0.19/turn

%: repel missiles, reflection
@: confused, about to teleport, ambrosia-drunk, spiked, inhibited regen,
invisible (expiring), very slow
A: horns 2, retaliatory headbutt, inhibited regeneration, subdued magic 1
}: 1/15 runes: gossamer
a: Renounce Religion, Berserk, Trog's Hand, Brothers in Arms


You were on level 3 of the Shoals.
You worshipped Trog.
Trog was extremely pleased with you.
You visited 5 branches of the dungeon, and saw 29 of its levels.
You also visited: Ossuary and Ice Cave.

You collected 3032 gold pieces.
You spent 676 gold pieces at shops.

Inventory:

Hand Weapons
 d - a +8 hand axe of freezing
 y - the +5 broad axe of Impermanence (weapon) {drain, rF+ MP+9 Stlth+}
   (You acquired it on level 7 of the Dungeon)

   rF:        It protects you from fire.
   MP:        It affects your magic capacity (+9).
   Stlth:     It makes you more stealthy.
Missiles
 q - 97 poisoned darts (quivered)
 S - a throwing net
Armour
 a - a +3 plate armour of poison resistance
 b - the scarf of the Vestibule of Hell (worn) {repulsion, SInv}
   (You acquired it on level 11 of the Dungeon)

   SInv:      It lets you see invisible.
 k - a +0 pair of boots
 n - a +0 plate armour of fire resistance
 u - a scarf of resistance
 z - the +18 Lear's hauberk (worn)
   (You found it on level 2 of the Spider Nest)
 E - a +1 hat
 G - a +0 kite shield of cold resistance
 J - the +18 shield of the Gong (worn) {Loud rN+ Will+ rCorr EV-5}
   (You found it on level 8 of the Dungeon)

   Loud:      It is deafeningly noisy when blocking attacks.
   EV:        It affects your evasion (-5).
   rN:        It protects you from negative energy.
   rCorr:     It protects you from acid and corrosion.
   Will:      It increases your willpower.
 X - a +2 pair of gloves of stealth
Jewellery
 o - a ring of positive energy (left hand)
 r - a ring of protection from fire
 v - an amulet of regeneration
 B - the macabre finger necklace {Finger+ rN+}
   (You took it off a merfolk on level 1 of the Shoals)

   [amulet of nothing]

   Finger+:   It enables you to equip an extra ring.
   rN:        It protects you from negative energy.
 F - a +4 ring of protection (right hand)
 I - an amulet of reflection (around neck)
 U - a ring of flight
 Y - a +6 ring of strength
Wands
 f - a wand of flame (9)
 p - a wand of polymorph (6)
 w - a wand of iceblast (14)
 C - a wand of mindburst (9)
 D - a wand of digging (15)
 W - a wand of charming (17)
 Z - a wand of quicksilver (3)
Scrolls
 e - 4 scrolls of fog
 A - 4 scrolls of magic mapping
 H - 3 scrolls of teleportation
 K - 3 scrolls of fear
 L - a scroll of enchant armour
 O - 11 scrolls of identify
 P - 2 scrolls of silence
Potions
 c - 6 potions of ambrosia
 g - 13 potions of curing
 h - 6 potions of flight
 i - 3 potions of lignification
 j - 3 potions of heal wounds
 l - 8 potions of might
 m - a potion of invisibility
 s - 3 potions of resistance
 t - 2 potions of cancellation {unknown}
 x - 3 potions of magic
 M - 3 potions of mutation
 T - a potion of berserk rage
 V - a potion of haste
Miscellaneous
 N - a lightning rod (4/4)
 Q - a phantom mirror


   Skills:
 + Level 18.8 Fighting
 - Level 18.0 Axes
 - Level 0.8 Throwing
 - Level 15.5 Armour
 - Level 2.2 Dodging
 - Level 1.0 Stealth
 - Level 21.0 Shields
 - Level 10.0 Evocations


You had 16 spell levels left.
You didn't know any spells.
Your spell library was empty.

Dungeon Overview and Level Annotations

Branches:
Dungeon (15/15)            Temple (0/1) D:6            Lair (5/5) D:11
 Shoals (3/4) Lair:2       Spider (4/4) Lair:3        Slime (0/5) Lair:4
    Orc (2/2) D:11            Elf (0/3) Orc:2        Vaults (0/5) D:13
 Depths (0/4) D:15        Ossuary (visited)           IceCv (visited)

Altars:
Ashenzari
Cheibriados
Elyvilon
Gozag
Qazlal
Uskayaw
Wu Jian
Zin
Jiyva
Lugonu

Shops:
D:2 [(??   D:9 !:   D:11 (   Orc:2 ![==

Portals:
Abyss: Lair:5

Annotations:
D:6 1 transporter
Lair:1 exclusion: orange crystal statue
Shoals:3 Ilsuiw
Spider:3 3 runed translucent doors, Awuas's ghost, journeyman MiBe


Innate Abilities, Weirdness & Mutations

You have a pair of horns on your head.
You reflexively headbutt those who attack you in melee.
You do not regenerate when monsters are visible.
Your spells are a little easier to cast, but a little less powerful.


Message History

Your surroundings suddenly seem different.
Splash!
Found 4 stones.
As you read the scroll of teleportation, it crumbles to dust.
You feel strangely unstable.
The harpy screeches!
Your surroundings suddenly seem different.
Splash!
You fall into the shallow water.
Moving in this stuff is going to be slow. ...and don't expect to remain undetected.
A kraken and a manticore come into view.
Found a tower shield and a scroll of enchant armour.
Found a stone staircase leading down.
As you read the scroll of teleportation, it crumbles to dust.
You feel strangely unstable.
You flicker for a moment.
The manticore flicks its tail.
The volley of spikes hits you.
The barbed spikes become lodged in your body.
* * * LOW HITPOINT WARNING * * *
The barbs in your skin will harm you if you move.
Continue?
Okay, then.
You are confused.
You feel invigorated.
Tentacles burst out of the water!
The manticore barely misses you.
The manticore claws you but does no damage. x2 4 tentacles come into view.
Unknown command.
You are more confused.
You feel more invigorated.
The tentacle slaps you but does no damage.
The tentacle slaps you!
* * * LOW HITPOINT WARNING * * *
The tentacle slaps you!
* * * LOW HITPOINT WARNING * * *
The manticore bites you but does no damage.
The manticore claws you but does no damage. x2
The kraken bites you!!
You die...

#≈≈≈≈≈≈~~~~~~~
#≈≈≈≈≈~~~..~~.
#≈≈≈≈≈~~.....#
#≈≈≈≈≈~~~~...#
#≈≈≈≈≈~~..[?##
#≈≈≈≈~~~.....##
#≈≈≈≈~~~~~~~>..
#≈≈≈≈≈wHw~~~...
#≈≈≈≈≈X@~~~~~~~
#≈≈≈≈≈w~~~~~~~~
#≈≈≈≈≈≈~~.~~~~~
#≈≈≈≈≈≈~~~~~~~~
#≈≈≈≈≈≈≈~~~~~~~
#≈≈≈≈≈≈≈≈≈~~~~~
#≈≈≈≈≈≈≈≈≈≈≈≈≈≈
#≈≈≈≈≈≈≈≈≈≈≈≈≈≈


You could see a kraken, a manticore and 3 tentacles.

Vanquished Creatures
  Arachne (Spider:2)
  Kirke (Lair:4)
  6 emperor scorpions
  Aizul (Spider:1)
  6 ghost moths
  Louise (Shoals:1)
  A broodmother (Spider:2)
  2 spark wasps
  Azrael (Spider:1)
  2 fire dragons (D:15)
  3 entropy weavers
  2 merfolk impalers
  3 hydras
  6 boulder beetles
  An ice dragon (IceCv)
  Erica (D:8)
  4 ogre magi (Orc:2)
  4 radroaches
  3 jorogumos
  6 centaur warriors
  9 dancing weapons
  16 two-headed ogres
  2 alligator snapping turtles (Shoals:2)
  Urug (Lair:3)
  3 tengu warriors
  A shock serpent (shapeshifter) (Lair:5)
  Nergalle (Lair:1)
  An orc high priest (Orc:2)
  A thrashing horror (Lair:5)
  A pharaoh ant (Spider:4)
  3 sun moths
  3 skysharks (Shoals:1)
  11 orb spiders
  4 sea snakes
  4 slime creatures
  A wizard (D:14)
  A lindwurm (Lair:4)
  7 steelbarb worms
  13 wolf spiders
  2 orc sorcerers
  3 harpies (Shoals:2)
  An orc knight (D:11)
  3 deep elf pyromancers
  A shining eye (shapeshifter) (Lair:5)
  2 manticores
  11 fauns
  2 moths of wrath
  3 elephants (Lair:3)
  4 merfolk sirens
  5 cyclopes
  6 ugly things
  7 black mambas
  2 vault sentinels (D:8)
  A black mamba (shapeshifter) (Lair:5)
  9 cane toads
  5 torpor snails
  3 water nymphs
  7 demonic crawlers
  8 rime drakes
  6 kobold demonologists
  An efreet (D:15)
  2 unseen horrors
  2 ancient zymes (Lair:5)
  7 komodo dragons
  3 tengu conjurers
  A polar bear (Lair:5)
  5 trolls
  5 merfolk
  5 wind drakes (Shoals:1)
  22 tarantellas
  6 hornets (Spider:4)
  Grinder (D:5)
  7 dream sheep (Lair:5)
  18 blink frogs
  3 snapping turtles
  30 jumping spiders
  22 culicivoras
  A spriggan (Lair:5)
  A vampire (D:11)
  2 large abominations (Lair:5)
  3 ynoxinuls (Lair:5)
  41 yaks
  3 wyverns
  A shadow (D:11)
  13 basilisks
  A wraith (D:11)
  A hog (Lair:4)
  2 water elementals
  2 fire elementals (Spider:1)
  Eustachio (D:4)
  7 steam dragons
  8 vampire mosquitoes
  65 redbacks
  A chaos spawn (Lair:5)
  7 wargs
  3 acid dragons
  3 hell hounds (Spider:1)
  16 water moccasins
  5 small abominations (Lair:5)
  A sky beast (D:6)
  10 orc warriors
  3 black bears
  29 ogres
  5 boggarts (D:15)
  25 centaurs
  21 wolves
  A phantom (D:11)
  5 kobold brigands
  8 bullfrogs
  2 scorpions (D:5)
  8 wights
  A lindwurm simulacrum (IceCv)
  A troll zombie (D:11)
  3 electric eels
  3 howler monkeys
  4 lava snakes (Lair:1)
  6 komodo dragon simulacra (IceCv)
  6 hounds
  A jelly (D:5)
  15 orc priests
  A gnoll bouda (D:8)
  3 iguanas (D:5)
  16 orc wizards
  19 hell rats
  7 ogre zombies (D:11)
  2 mummies (Ossuary)
  9 adders
  7 gnolls
  6 acid dragon simulacra (IceCv)
  4 white imps
  2 ufetubi
  8 steam dragon simulacra (IceCv)
  3 adder zombies (Ossuary)
  3 worms
  61 orcs
  A ball python (D:1)
  9 endoplasms
  A giant cockroach (D:1)
  4 goblins
  3 hobgoblins
  2 quokkas
  4 bats (D:1)
  4 frilled lizards
  5 gnoll zombies (Ossuary)
  A goblin skeleton (D:11)
  3 goblin zombies (D:11)
  A hobgoblin skeleton (D:11)
  7 hobgoblin zombies
  A jackal zombie (D:4)
  50 kobolds
  4 kobold zombies (Ossuary)
  3 orc skeletons (D:11)
  16 orc zombies
  3 rats (D:2)
987 creatures vanquished.

Vanquished Creatures (collateral kills)
  2 hydras
  2 merfolk avatars
  2 thrashing horrors (Lair:5)
  A harpy (Shoals:2)
  An ugly thing (Lair:5)
  2 fauns (Shoals:1)
  A merfolk siren (Shoals:1)
  2 black mambas (Lair:5)
  2 demonic crawlers (Spider:2)
  An ancient zyme (Lair:5)
  6 merfolk
  A blink frog (Lair:5)
  3 snapping turtles
  5 yaks (Lair:5)
31 creatures vanquished.

Vanquished Creatures (others)
  A deep elf knight (D:15)
  A water elemental (D:15)
  3 humans (Lair:4)
  A kobold brigand (D:14)
  An electric eel (D:15)
  2 kobolds (D:15)
  31 fungi
  94 plants
  A tentacle (Shoals:3)
135 creatures vanquished.

Grand Total: 1153 creatures vanquished

Notes
Turn   | Place    | Note
-------+----------+-------------------------------------------
     0 | D:1      | vlam the Minotaur Berserker began the quest for the Orb.
     0 | D:1      | Reached XP level 1. HP: 19/19 MP: 0/0
   251 | D:1      | Reached XP level 2. HP: 27/27 MP: 1/1
   544 | D:2      | Found Guowes's Magic Scroll Shop.
   730 | D:2      | Found Ewofixyip's Armour Emporium.
   864 | D:2      | Found Areffo Icou's Antique Weapon Shoppe.
   930 | D:2      | Reached XP level 3. HP: 33/33 MP: 2/2
   933 | D:2      | Reached skill level 5 in Axes
  1022 | D:2      | Found Uscheciof's Magic Scroll Boutique.
  1269 | D:3      | Reached ** piety under Trog
  1270 | D:3      | Reached XP level 4. HP: 40/40 MP: 3/3
  1785 | D:4      | Noticed an ogre
  1789 | D:4      | Killed an ogre
  1790 | D:4      | Reached XP level 5. HP: 46/46 MP: 4/4
  1884 | D:4      | Noticed Eustachio
  1893 | D:4      | Killed Eustachio
  1894 | D:4      | Reached XP level 6. HP: 52/52 MP: 5/5
  1969 | D:4      | Found a sand-covered staircase.
  2004 | Ossuary  | Entered an ossuary
  2502 | D:4      | Reached *** piety under Trog
  3045 | D:5      | Entered Level 5 of the Dungeon
  3103 | D:5      | Reached XP level 7. HP: 56/58 MP: 6/6
  3195 | D:5      | Reached skill level 10 in Axes
  3195 | D:5      | Reached skill level 1 in Stealth
  3445 | D:5      | Noticed Grinder
  3457 | D:5      | Killed Grinder
  3653 | D:5      | Reached XP level 8. HP: 61/66 MP: 7/7
  4745 | D:6      | Found a staircase to the Ecumenical Temple.
  4834 | D:6      | Found a transporter.
  4835 | D:6      | Noticed a kobold demonologist
  4878 | D:6      | Noticed a kobold demonologist
  4893 | D:6      | Found a transporter.
  5995 | D:6      | Noticed a soul eater
  6091 | D:7      | Found a snail-covered altar of Cheibriados.
  6091 | D:7      | Found a stormy altar of Qazlal.
  6149 | D:7      | Reached XP level 9. HP: 45/70 MP: 8/8
  6598 | D:7      | Reached skill level 15 in Axes
  6820 | D:8      | Reached **** piety under Trog
  6912 | D:7      | Identified a scroll of acquirement
  6912 | D:7      | Acquired the +5 broad axe of Impermanence {drain, rF+ MP+9
                  | Stlth+}
  7010 | D:8      | Reached XP level 10. HP: 78/78 MP: 9/9
  7467 | D:8      | Noticed Erica
  7478 | D:8      | Killed Erica
  7566 | D:8      | Noticed a vault sentinel
  7571 | D:8      | Noticed a vault sentinel
  7572 | D:8      | Killed a vault sentinel
  7585 | D:8      | Killed a vault sentinel
  7616 | D:8      | Found the +18 shield of the Gong {Loud rN+ Will+ rCorr
                  | EV-5}
  8228 | D:9      | Found an opulent altar of Gozag.
  8380 | D:9      | Reached skill level 5 in Fighting
  8382 | D:9      | Reached skill level 1 in Shields
  8423 | D:9      | Reached skill level 2 in Shields
  8525 | D:9      | Found a glowing silver altar of Zin.
  8527 | D:9      | Found a broken altar of Ashenzari.
  8530 | D:9      | Found a white marble altar of Elyvilon.
  8597 | D:9      | Found Rimofa Cucu's Book Boutique.
  8869 | D:9      | Noticed a two-headed ogre
  8877 | D:9      | Killed a two-headed ogre
  8878 | D:9      | Reached skill level 3 in Shields
  8878 | D:9      | Reached XP level 11. HP: 95/95 MP: 10/10
  8982 | D:9      | Found Rinymenka's Distillery.
  9073 | D:9      | Noticed a +0 falchion
  9073 | D:9      | Noticed a +0 dagger
  9074 | D:9      | Noticed a +0 falchion
  9075 | D:9      | Noticed a +0 spear
  9075 | D:9      | Noticed a +0 short sword
  9076 | D:9      | Noticed a +0 short sword
  9078 | D:9      | Noticed a +0 dagger
  9079 | D:9      | Noticed a +0 spear
  9084 | D:9      | Found a hide-covered altar of Uskayaw.
  9232 | D:10     | Entered Level 10 of the Dungeon
  9521 | D:10     | Reached skill level 4 in Shields
  9604 | D:10     | Found an ornate altar of the Wu Jian Council.
  9628 | D:10     | Reached skill level 5 in Shields
 10347 | D:11     | Found Zenlawi's Antique Weapon Shop.
 10384 | D:11     | Reached skill level 10 in Fighting
 10384 | D:11     | Reached skill level 6 in Shields
 10457 | D:11     | Reached skill level 7 in Shields
 10473 | D:11     | Reached ***** piety under Trog
 10482 | D:11     | Noticed an orc sorcerer
 10717 | D:11     | Found a staircase to the Orcish Mines.
 10830 | D:11     | Noticed a deep elf pyromancer
 10842 | D:11     | Killed a deep elf pyromancer
 10889 | D:11     | Killed an orc sorcerer
 10890 | D:11     | Reached skill level 8 in Shields
 10943 | D:11     | Identified the +1 battleaxe of the Tent {flame, rC+ Will++
                  | Stlth+}
 10945 | D:11     | Acquired the scarf of the Vestibule of Hell {repulsion,
                  | SInv}
 11155 | D:11     | Identified the +5 shortbow of Broken Luck {heavy, rElec
                  | rF+}
 11285 | D:11     | Found a staircase to the Lair.
 11625 | Lair:1   | Entered Level 1 of the Lair of Beasts
 11655 | Lair:1   | Noticed a boulder beetle
 11721 | Lair:1   | Killed a boulder beetle
 11791 | Lair:1   | Noticed Nergalle
 11801 | Lair:1   | Killed Nergalle
 11955 | Lair:1   | Reached skill level 9 in Shields
 12002 | Lair:1   | Reached XP level 12. HP: 103/112 MP: 11/11
 12844 | Lair:2   | Reached skill level 10 in Shields
 12895 | Lair:2   | Noticed a seven-headed hydra
 12941 | Lair:1   | Killed a seven-headed hydra
 12970 | Lair:2   | Reached skill level 11 in Shields
 13335 | Lair:2   | Found a staircase to the Shoals.
 13627 | Lair:2   | Found the +8 whip "Snakebite" {venom, curare, rPois}
 13767 | Lair:3   | Reached skill level 12 in Shields
 13798 | Lair:3   | Noticed Urug
 13817 | Lair:3   | Killed Urug
 13822 | Lair:3   | Reached skill level 13 in Shields
 13902 | Lair:3   | Found a hole to the Spider Nest.
 14486 | Lair:4   | Noticed Kirke
 14542 | Lair:4   | Noticed a five-headed hydra
 14556 | Lair:4   | Killed a six-headed hydra
 14613 | Lair:4   | Killed Kirke
 14614 | Lair:4   | Reached XP level 13. HP: 109/123 MP: 12/12
 14870 | Lair:4   | Found a viscous altar of Jiyva.
 14871 | Lair:4   | Found a staircase to the Slime Pits.
 14885 | Lair:4   | Reached skill level 14 in Shields
 15081 | Lair:4   | Received a gift from Trog
 15266 | Lair:5   | Entered Level 5 of the Lair of Beasts
 15451 | Lair:5   | Reached skill level 15 in Shields
 15455 | Lair:5   | Reached skill level 15 in Fighting
 15522 | Lair:5   | Identified the +0 robe of Hedging {MP+9}
 15695 | Lair:5   | Gained mutation: Your spells are a little easier to cast,
                  | but a little less powerful. [a shining eye]
 15870 | Lair:5   | Reached skill level 16 in Shields
 15987 | Lair:5   | Reached skill level 1 in Evocations
 16044 | Lair:5   | Found a corrupted altar of Lugonu.
 16044 | Lair:5   | Found a one-way gate to the infinite horrors of the Abyss.
 16046 | Lair:5   | Received a gift from Trog
 16047 | Lair:5   | Reached XP level 14. HP: 119/137 MP: 13/13
 16641 | Lair:5   | Identified the +7 rapier "Omnoo" {freeze, +Blink rN++}
 16750 | Orc:1    | Entered Level 1 of the Orcish Mines
 16858 | Orc:1    | Reached skill level 5 in Evocations
 17182 | Orc:2    | Entered Level 2 of the Orcish Mines
 17344 | Orc:1    | Reached skill level 5 in Armour
 17498 | Orc:2    | Identified the +3 hand axe of Uncomfortable Rashes {heavy,
                  | rPois rCorr Dex+3} (Trog gifted it to you on level 2 of the
                  | Orcish Mines)
 17498 | Orc:2    | Received a gift from Trog
 17695 | Orc:2    | Reached skill level 10 in Armour
 17903 | Orc:2    | Found a dark tunnel.
 18009 | Orc:2    | Found a staircase to the Elven Halls.
 18039 | Orc:2    | Found Recvedd's Antique Armour Shoppe.
 18057 | Orc:2    | Found Nipowut's Jewellery Boutique.
 18057 | Orc:2    | Found Diaran Essar's Distillery.
 18057 | Orc:2    | Found Jubraita's Jewellery Shoppe.
 18278 | Orc:2    | Bought a shiny plate armour for 676 gold pieces
 18764 | D:12     | Found a frozen archway.
 18778 | IceCv    | Entered an ice cave
 18798 | IceCv    | Reached ****** piety under Trog
 18879 | IceCv    | Identified the +8 falchion of Callousness {flame, Drain
                  | rC+++ Dex+3 Stlth+}
 18964 | IceCv    | Received a gift from Trog
 19289 | IceCv    | Identified the ring of the Invisible Hand {Fire rCorr MP+9
                  | Int+3}
 20211 | D:13     | Reached XP level 15. HP: 96/144 MP: 14/14
 20267 | D:13     | Found a gate to the Vaults.
 21434 | D:14     | Reached skill level 15 in Armour
 21759 | D:15     | Entered Level 15 of the Dungeon
 21825 | D:15     | Received a gift from Trog
 22038 | D:15     | Found a staircase to the Depths.
 22774 | Spider:1 | Entered Level 1 of the Spider Nest
 23239 | Spider:1 | Noticed Aizul
 23249 | Spider:1 | Killed Aizul
 23920 | Spider:1 | Noticed an emperor scorpion
 23929 | Spider:1 | Killed an emperor scorpion
 23993 | Spider:1 | Noticed Azrael
 24012 | Spider:1 | Killed Azrael
 24051 | Spider:1 | Received a gift from Trog
 24704 | Spider:2 | Reached XP level 16. HP: 140/151 MP: 1/15
 24859 | Spider:2 | Reached skill level 10 in Evocations
 25006 | Spider:2 | Found a runed translucent door.
 25284 | Spider:2 | Noticed Arachne
 25300 | Spider:2 | Killed Arachne
 25895 | Spider:2 | Reached skill level 17 in Shields
 25926 | Spider:2 | Found the +18 Lear's hauberk
 26673 | Spider:2 | Reached skill level 18 in Shields
 27389 | Spider:3 | Noticed Awuas's ghost (journeyman MiBe)
 27547 | Spider:3 | Gained mutation: You do not regenerate when monsters are
                  | visible. [mutagenic glow]
 27615 | Spider:3 | Found a runed translucent gate.
 27676 | Spider:3 | Received a gift from Trog
 27685 | Spider:3 | Reached skill level 19 in Shields
 27862 | Spider:3 | Found a runed translucent gate.
 27863 | Spider:3 | Found a runed translucent gate.
 28089 | Spider:3 | Identified the +6 scale mail of Hangman {MP+9 Int+3}
 28260 | Spider:4 | Entered Level 4 of the Spider Nest
 28634 | Spider:4 | Reached skill level 20 in Shields
 29388 | Spider:4 | Reached XP level 17. HP: 158/158 MP: 16/16
 29837 | Spider:4 | Got a gossamer rune of Zot
 29869 | Spider:4 | Reached skill level 21 in Shields
 30675 | Shoals:1 | Entered Level 1 of the Shoals
 30675 | Shoals:1 | Noticed Louise
 30683 | Shoals:1 | Killed Louise
 30777 | Shoals:1 | Received a gift from Trog
 32723 | Shoals:3 | Noticed Ilsuiw
 32759 | Shoals:3 | HP: 8/166 [poisoned by a merfolk impaler]
 32768 | Shoals:3 | Noticed a kraken
 32772 | Shoals:3 | Demolished by a kraken

Illustrated notes

Levels and vault maps discovered:
D:1:      lemuel_arrival_lava_pool, layout_rooms
D:2:      layout_rooms, serial_shops, nicolae_shop_pleasant_corner_grove,
          nicolae_shop_hallway_stairs, shop, nicolae_shop_rolling_square
D:3:      layout_loops_ring
D:4:      kennysheep_kobold_camp, layout_basic, enter_ossuary_3, uniq_eustachio
D:5:      layout_cave_pods, uniq_grinder
D:6:      gammafunk_wand_slinger, layout_layer_cave, minmay_temple_entry_slanted
D:7:      layout_rooms, gammafunk_temple_overflow_elements
D:8:      layout_layer_cave, hellmonk_guarded_unrand_gong, uniq_erica
D:9:      layout_loops_corners, nicolae_uskayaw_en_pointe,
          nicolae_overflow_hidden_temple, general_overflow_altar, serial_shops,
          nicolae_shop_industrial_runoff, nicolae_wooded_promenade
D:10:     layout_grid_maze, mainiacjoe_overflow_brackets
D:11:     layout_basic, lair_entry_dummy, zombieorc2_lemuel, serial_shops, shop
D:12:     layout_roguey, serial_rivers, chequers_serial_rivers_room_a,
          chequers_serial_rivers_room_a, chequers_serial_rivers_large_a,
          chequers_serial_rivers_micro_b, portal_ice_cave_rime,
          hangedman_abyss_or_decor_clamps
D:13:     layout_loops_ring, erik_vaults_1
D:14:     layout_stronghold, minivault_26
D:15:     grunt_enter_depths_hoard, layout_basic, serial_park_tiny_1,
          nicolae_two_hexagons, minmay_unpleasant_kobolds
Lair:1:   layout_gridlike, st_stairs_11, disabler_island, grunt_megastairs_4,
          serial_bayou_shore_a, uniq_nergalle
Lair:2:   minmay_guarded_unrand_snakebite, layout_loops_ring,
          minmay_shoals_entry_centaurs
Lair:3:   layout_chaotic_city, dummy_spider_entry, grunt_megastairs_3, uniq_urug
Lair:4:   layout_misc_corridors, dpeg_slime_entry_enclosed, uniq_kirke
Lair:5:   hellmonk_lair_end_abyssal_woods, layout_regular_city,
          kennysheep_basilisk_garden
Shoals:1: layout_shoals, nicolae_shoals_drake_roost, uniq_louise
Shoals:2: layout_shoals
Shoals:3: layout_shoals, ebering_ghost_inner_flame, nicolae_shop_clearance,
          uniq_ilsuiw
Spider:1: layout_spider_delve, uniq_azrael, uniq_aizul
Spider:2: cheibrodos_spider_deadly_dance, hangedman_spider_tarantella_strand,
          uniq_arachne
Spider:3: layout_spider_delve, gammafunk_ghost_split
Spider:4: spider_rune_water
Orc:1:    layout_caves, statue_in_the_mist_lemuel
Orc:2:    st_orc_ogre_mass, layout_caves, nicolae_volcano_entry_hallway

Skill      XL: |  1  2  3  4  5  6  7  8  9 10 11 12 13 14 15 16 17 |
---------------+----------------------------------------------------+-----
Axes           | 4 5 7 8 9 11 14 16 18 | 18.0
Stealth        | 1 |  1.0
Fighting       | 8 12 13 16 18 | 18.8
Shields        | 3 9 13 16 20 21 | 21.0
Evocations     | 3 5 9 10 | 10.0
Armour         | 13 15 | 15.5
Throwing       | |  0.8
Dodging        | |  2.2

Action                     |  1- 3 |  4- 6 |  7- 9 | 10-12 | 13-15 | 16-18 || total
---------------------------+-------+-------+-------+-------+-------+-------++-------
  Melee: Hand axe          |    75 |    41 |   212 |       |    27 |       ||   355
         Headbutt          |     7 |    32 |    42 |   106 |   228 |   190 ||   605
         War axe           |       |   135 |       |       |       |       ||   135
         Punch             |       |     2 |     6 |       |       |       ||     8
         Battleaxe         |       |       |    33 |       |       |       ||    33
         Broad axe         |       |       |    24 |   507 |  1017 |   715 ||  2263
         Whip              |       |       |       |     4 |     6 |       ||    10
         Long sword        |       |       |       |     1 |       |       ||     1
  Throw: Dart              |       |       |     1 |       |    17 |    43 ||    61
 Invoke: Berserk           |     2 |     3 |     8 |     8 |     6 |       ||    27
         Trog's Hand       |       |       |     6 |     8 |     8 |     7 ||    29
         Brothers in Arms  |       |       |       |     1 |     3 |     4 ||     8
  Evoke: Wand              |       |       |       |     3 |     4 |    15 ||    22
         Lightning rod     |       |       |       |       |     6 |     7 ||    13
         Phantom mirror    |       |       |       |       |       |     1 ||     1
    Use: Scroll            |    10 |     5 |     8 |     7 |     8 |    14 ||    52
         Potion            |     1 |       |     3 |     2 |     4 |    11 ||    21
   Stab: Distracted        |       |       |       |       |     1 |       ||     1
 Armour: Leather armour    |     9 |       |       |       |       |       ||     9
         Ring mail         |     8 |    34 |     6 |       |       |       ||    48
         Chain mail        |       |       |    81 |     9 |       |   103 ||   193
         Plate armour      |       |       |       |   112 |   245 |   192 ||   549
  Dodge: Dodged            |    20 |    61 |    98 |    14 |    43 |    69 ||   305
         Repelled          |       |       |       |       |     1 |     1 ||     2
  Block: Kite shield       |       |       |       |   439 |  1220 |  1184 ||  2843
         Reflection        |       |       |       |       |    88 |    38 ||   126
